blackshift, neutral male gnomish Wizard --- |. ------ |.- |...<.# |.| |....|# |.| |....|# |.- |....|# |. |....|# |.- |....|# |.| -- ------# |.| . # |.|--- -)- # |.|..| |.+ ### |.|..| |a| # |.|..| |a---- ###|.-|------@f{.---------+------ | #-.......f..B.....@.............| -------------------------------- blackshift the Conjurer Experience level: 4 Strength: 11 Dexterity: 13 Constitution: 15 Intelligence: 19 Wisdom: 9 Charisma: 9 Health: 0(20) Energy: 4(18) Def: 1 Gold: 137 Moves: 986 Dungeon seed: -DQLIwX1jtZiDFI1 Game ID: blackshift_1528999833 Your Inventory: Coins $ - 137 gold pieces Weapons a - a blessed +1 quarterstaff (weapon in hands) Armor e - a blessed +0 cloak of magic resistance (being worn) n - an uncursed +0 dwarvish iron helm N - an uncursed +0 orcish helm Comestibles l - an uncursed slime mold Scrolls u - an uncursed scroll of light y - a cursed scroll of magic mapping Spellbooks s - an uncursed spellbook of jumping Potions i - an uncursed potion of healing p - an uncursed potion of extra healing r - a blessed potion of levitation x - an uncursed potion of invisibility B - a blessed potion of fruit juice Rings m - an uncursed ring of invisibility Wands b - a wand of striking (0:8) v - a wand of magic missile (0:8) Tools h - an uncursed blindfold j - an uncursed tin whistle t - an uncursed bugle A - an uncursed stethoscope Gems q - an uncursed touchstone z - an uncursed worthless piece of orange glass C - 2 uncursed worthless pieces of yellow glass Y - an uncursed worthless piece of white glass Spells and supernatural/magical abilities: Name Level Category Cost Memory a - force bolt 1 attack 5pw 99% m - magic missile 2 attack 10pw 99% B - cure blindness 2 healing 10pw 99% H - speed monster 3 escape 34pw 99% W - pray for help -- divine ? -- Your skills at the end: Fighting Skills wands [Basic] Weapon Skills quarterstaff [Basic] Spellcasting Skills attack spells [Basic] enchantment spells [Basic] Final Attributes: You had sinned. You were magic resistant. You had infravision. Thoth was noncommittal. You are dead. Vanquished creatures: a rock piercer a shrieker a baby crocodile a giant ant a kobold lord a giant bat a monkey an iguana a gas spore 2 hobbits a hobgoblin a yellow mold 2 gnomes a gecko a jackal a kobold a goblin 3 sewer rats a grid bug 4 bats a kobold zombie a newt 29 creatures vanquished. Voluntary challenges: You were an atheist. You used a wielded weapon 5 times, starting on turn 602. You read items or engraved 14 times, starting on turn 15. You never genocided any monsters. You never polymorphed an object. You never changed form. You used no wishes. You never split a pudding. You never wrote Elbereth's name. You violated your moral code, losing 24 points of alignment, starting on turn 713. Dungeon overview: The Dungeons of Doom: levels 1 to 4 Level 1 a fountain a long staircase Level 2 a fountain Level 3 a sink stairs to The Gnomish Mines Level 4 The Gnomish Mines: levels 4 to 6 Level 4 stairs to The Dungeons of Doom Level 5 Level 6 <- You were here a fountain History has recorded: On T:1 you entered the Dungeons of Doom to retrieve the Amulet of Yendor! On T:163 you reached level 2 of The Dungeons of Doom. On T:270 you reached level 3 of The Dungeons of Doom. On T:567 you reached level 4 of The Dungeons of Doom. On T:587 you reached level 1 of The Gnomish Mines. On T:676 you advanced to experience level 2. On T:697 you reached level 2 of The Gnomish Mines. On T:713 you advanced to experience level 3. On T:942 you reached level 3 of The Gnomish Mines. On T:978 you advanced to experience level 4. Score breakdown: Gold: 137 ( 7279 points) Experience: 4 levels ( 9649 points) Exploration: 6 levels ( 12.77%) ( 9890 points) Discoveries: 1 item ( 0.34%) ( 1737 points) Valuables value: (no points given unless you survive) Artifact value: 0 ( 0 points) Variety of kills: 22 monsters ( 5.79%) ( 7218 points) Turncount: 986 turns ( 0 points) Survival: died (score multiplied by 80%) Total score: 28618 Latest messages: The kitten misses the giant bat. The giant bat misses the kitten. (2x) The crude dagger misses the giant ant. The kitten misses the giant bat. The giant bat bites the kitten. The kitten misses the giant bat. (2x) The giant bat bites the kitten. The kitten misses the giant bat. The force bolt misses the giant ant. The giant bat bites! The force bolt misses the giant ant. (2x) The giant ant bites! The giant bat bites! (2x) You die... For some reason, you think that you can almost hear the Wizard laugh manically... Final status: Goodbye blackshift the Wizard, killed by a giant bat... You died in The Gnomish Mines on dungeon level 6 with 28618 points, and 137 pieces of gold, after 986 moves. You were level 4 with a maximum of 20 hit points when you died.